 Dungeon Crawl Stone Soup version 0.28-b1-25-g9875b3fc8c (webtiles) character file.

Game seed: 18385774563369612312

431 cayde69 the Fighter (level 6, -1/63 HPs)
             Began as a Hill Orc Fighter on Feb 2, 2022.
             Was an Initiate of Gozag.
             Succumbed to an adder's poison
             ... on level 4 of the Dungeon.
             The game lasted 00:07:41 (3851 turns).

cayde69 the Fighter (Hill Orc Fighter)              Turns: 3851, Time: 00:07:41

Health: -1/63      AC: 11    Str: 21    XL:     6   Next: 99%
Magic:  6/6        EV:  9    Int:  8    God:    Gozag
Gold:   386        SH:  4    Dex: 10    Spells: 5/5 levels left

rFire   . . .      SeeInvis .   a - +0 war axe
rCold   + . .      Faith    .   c - +0 buckler
rNeg    . . .      Spirit   .   n - +5 scale mail of the Lion {rC+}
rPois   .          Reflect  .   (no helmet)
rElec   .          Harm     .   (no cloak)
rCorr   .          Rampage  .   (no gloves)
Will    .....                   (no boots)
Stlth   ..........              (no amulet)
HPRegen 0.20/turn               (no ring)
MPRegen 0.10/turn               (no ring)

@: lethally poisoned (-1 -> -5), gold aura
A: no hexes magic, no poison magic, no translocations magic
a: Renounce Religion, Convert to Beogh, Potion Petition, Call Merchant, Bribe
Branch


You were on level 4 of the Dungeon.
You worshipped Gozag.
Gozag was aware of your devotion.
You visited 1 branch of the dungeon, and saw 4 of its levels.

You collected 401 gold pieces.
You paid 15 gold pieces to Gozag.

Inventory:

Hand Weapons
 a - a +0 war axe (weapon)
 i - a +1 dagger of venom
 p - a +1 dagger of speed
Missiles
 e - 6 silver javelins (quivered)
 j - a throwing net
Armour
 b - a +0 scale mail
 c - a +0 buckler (worn)
 n - the +5 scale mail of the Lion (worn) {rC+}
   (You found it on level 2 of the Dungeon)

   rC:        It protects you from cold.
Wands
 d - a wand of iceblast (6)
Scrolls
 f - 3 scrolls of identify {unknown}
 g - 3 scrolls of enchant weapon {unknown}
 k - a scroll of fear {unknown}
 m - 2 scrolls of teleportation {unknown}
 o - 4 scrolls of immolation {unknown}
 q - a scroll of noise {unknown}
 s - a scroll of amnesia {unknown}
 t - a scroll of brand weapon {unknown}
Potions
 h - a potion of brilliance {unknown}
 l - 2 potions of attraction {unknown}
 r - a potion of invisibility {unknown}


   Skills:
 + Level 9.0 Fighting
 - Level 2.6 Axes
 - Level 3.2 Armour
 - Level 0.6 Dodging
 - Level 0.1 Stealth
 - Level 3.2 Shields


You had 5 spell levels left.
You didn't know any spells.
Your spell library contained the following spells:

 Spells                   Type           Power      Damage    Failure   Level
 Static Discharge         Conj/Air       0%         N/A       93%         2
 Dispel Undead            Necr           0%         3d6       100%        4
 Sticky Flame             Conj/Fire      0%         2d3       100%        4


Dungeon Overview and Level Annotations

Branches:
Dungeon (4/15)
 Temple: D:4-7

Altars:
Elyvilon
Gozag
Kikubaaqudgha
Ru
Zin

Shops:
D:1 [


Innate Abilities, Weirdness & Mutations

You cannot study or cast Hexes magic.
You cannot study or cast Poison magic.
You cannot study or cast Translocations magic.


Message History

* * * LOW HITPOINT WARNING * * *
The orc priest hits you but does no damage. x2
The orc priest shouts, "Join the one true god or die!"
You closely miss the orc priest.
The orc priest is heavily wounded.
The orc priest shouts, "Surrender to Beogh and we'll let you live!"
You hit the orc priest.
You kill the orc priest!
You block the adder's attack.
The orc priest shouts, "Beogh is our master!
Accept the truth or die!"
The orc priest hits you but does no damage.
Your Fighting skill increases to level 9!
You hit the orc priest.
The orc priest is severely wounded.
You barely miss the adder.
The orc priest shouts, "Surrender to Beogh and we'll let you live!"
The adder closely misses you. The adder bites you.
* * * LOW HITPOINT WARNING * * *
You are poisoned.
The adder poisons you!
You barely miss the orc priest.
The orc priest is severely wounded.
You miss the adder. You miss something.
You feel sick.
The orc priest shouts, "Join the one true god or die!"
The orc priest hits you with a +0 club.
* * * LOW HITPOINT WARNING * * *
The adder is distracted by your dazzling golden aura.
Something hits you but does no damage.
The orc priest hits you but does no damage.
You hear some strange, mumbled words.
A magic dart appears from out of thin air!
The magic dart hits you.
* * * LOW HITPOINT WARNING * * *
The adder hisses angrily.
You closely miss the orc priest.
The orc priest is severely wounded.
You barely miss something. You barely miss the adder.
The adder is no longer distracted by gold.
You die...
Your body crumbles into a pile of gold.

.... #.. #.#.. #.#..
#.#.# ## #.#.# ...
#.S{# ..# ..
####o@##..#
..###...$....###.
#.......#........
..##....##..........
.....#####.#........
#...............
#...........<...
...#.........#.###.
$ #..#.........#)#


You could see an orc priest and an adder.

Vanquished Creatures
  An ogre (D:4)
  A kobold brigand (D:3)
  An orc priest (D:4)
  Natasha (thrice) (D:2)
  Ijyb (D:3)
  Robin (D:3)
  3 adders
  A worm (D:2)
  4 dart slugs
  2 orcs
  9 bats
  3 endoplasms
  A giant cockroach (D:1)
  16 goblins
  8 hobgoblins
  12 jackals
  5 quokkas
  4 ball pythons
  4 frilled lizards
  13 kobolds
  6 rats
99 creatures vanquished.

Vanquished Creatures (others)
  A frilled lizard (D:3)
1 creature vanquished.

Grand Total: 100 creatures vanquished

Notes
Turn   | Place    | Note
-------+----------+-------------------------------------------
     0 | D:1      | cayde69 the Hill Orc Fighter began the quest for the Orb.
     0 | D:1      | Reached XP level 1. HP: 19/19 MP: 1/1
    91 | D:1      | Reached skill level 4 in Fighting
   118 | D:1      | Reached XP level 2. HP: 24/27 MP: 2/2
   422 | D:1      | Found Ydil Jupt's Armour Boutique.
   648 | D:1      | Reached XP level 3. HP: 27/35 MP: 3/3
   800 | D:1      | Reached skill level 5 in Fighting
   981 | D:1      | Found a faded altar of an unknown god.
  1016 | D:1      | Prayed at the altar of an unknown god.
  1016 | D:1      | Became a worshipper of Ru the Awakened
  1023 | D:1      | Gained mutation: You cannot study or cast Poison magic. [Ru
                  | sacrifice]
  1023 | D:1      | Gained mutation: You cannot study or cast Hexes magic. [Ru
                  | sacrifice]
  1023 | D:1      | Gained mutation: You cannot study or cast Translocations
                  | magic. [Ru sacrifice]
  1023 | D:1      | Reached * piety under Ru
  1340 | D:2      | Noticed Natasha
  1350 | D:2      | Killed Natasha
  1351 | D:2      | Reached XP level 4. HP: 9/44 MP: 4/4
  1887 | D:2      | Found an opulent altar of Gozag.
  1888 | D:2      | Noticed Natasha
  1896 | D:2      | Killed Natasha
  1897 | D:2      | Reached skill level 6 in Fighting
  2265 | D:2      | Noticed Natasha
  2271 | D:2      | Reached XP level 5. HP: 31/51 MP: 5/5
  2278 | D:2      | Killed Natasha
  2295 | D:2      | Identified the +5 scale mail of the Lion {rC+}
  2555 | D:2      | Fell from the grace of Ru
  2559 | D:2      | Became a worshipper of Gozag Ym Sagoz the Greedy
  2700 | D:2      | Reached skill level 7 in Fighting
  2934 | D:3      | Noticed a kobold brigand
  2943 | D:3      | Killed a kobold brigand
  2944 | D:3      | Reached XP level 6. HP: 61/61 MP: 6/6
  2976 | D:3      | Noticed Robin
  3013 | D:3      | Noticed Ijyb
  3030 | D:3      | Reached skill level 8 in Fighting
  3031 | D:3      | Killed Ijyb
  3035 | D:3      | Killed Robin
  3263 | D:3      | Found a white marble altar of Elyvilon.
  3542 | D:3      | Found a glowing silver altar of Zin.
  3555 | D:3      | Found an ancient bone altar of Kikubaaqudgha.
  3849 | D:4      | Reached skill level 9 in Fighting
  3850 | D:4      | HP: 1/63 [something/magic dart (4)]
  3851 | D:4      | Succumbed to an adder's poison

Illustrated notes

Levels and vault maps discovered:
D:1:      heliophobic_arrival_glass_houses, layout_loops_ring, serial_shops,
          shop, nicolae_ecumenical_lake_church
D:2:      layout_loops_ring, basic_altar, kennysheep_potato, uniq_natasha
D:3:      cheibrodos_thug_alley, layout_rooms, overflow_temple_1_default,
          mainiacjoe_overflow_big_doors, uniq_ijyb, uniq_robin
D:4:      layout_rooms, nicolae_overflow_crystal_walls, kennysheep_small_circle,
          uniq_duvessa

Skill      XL: |  1  2  3  4  5  6 |
---------------+-------------------+-----
Fighting       | 4 5 6 7 9 |  9.0
Axes           | |  2.6
Armour         | |  3.2
Dodging        | |  0.6
Stealth        | |  0.1
Shields        | |  3.2

Action                   |  1- 3 |  4- 6 || total
-------------------------+-------+-------++-------
Melee: War axe           |   113 |   159 ||   272
Invok: Sacrifice Arcana  |     1 |       ||     1
       Renounce Religion |       |     1 ||     1
Evoke: Wand              |       |     1 ||     1
  Use: Potion            |       |     2 ||     2
Armor: Scale mail        |    67 |   107 ||   174
Dodge: Dodged            |    54 |    72 ||   126
Block: Buckler           |    23 |    29 ||    52
